 Dungeon Crawl Stone Soup version 0.24.0-29-g8ce449bc06 (webtiles) character file.

Game seed: 9803887649606510310, levelgen mode: deterministic

578 Flugslaktarn the Shield-Bearer (level 7, 0/55 HPs)
             Began as a Formicid Fighter on Nov 15, 2019.
             Was an Initiate of Gozag.
             Slain by an ogre
             ... wielding a +0 giant spiked club
              (18 damage)
             ... on level 5 of the Dungeon.
             The game lasted 00:02:11 (4988 turns).

Flugslaktarn the Shield-Bearer (Formicid Fighter)   Turns: 4988, Time: 00:02:12

Health: 0/55       AC:  9    Str: 23    XL:     7   Next: 62%
Magic:  7/7        EV:  6    Int:  7    God:    Gozag
Gold:   586        SH: 10    Dex: 10    Spells: 6/6 levels left

rFire    . . .     SeeInvis +   a - +0 war axe
rCold    + . .     Gourm    .   p - +0 shield
rNeg     . . .     Faith    .   g - +0 chain mail
rPois    .         Spirit   .   (helmet unavailable)
rElec    .         Reflect  .   (no cloak)
rCorr    .         Harm     .   (no gloves)
MR       .....                  (no boots)
Stlth    ..........             (no amulet)
HPRegen  0.18/turn              c - ring of protection from cold
MPRegen  0.10/turn              (no ring)

@: no status effects
A: permanent stasis, dig shafts and tunnels, four strong arms, antennae 3
a: Dig, Shaft Self, Potion Petition, Call Merchant, Bribe Branch, Renounce
Religion


You were on level 5 of the Dungeon.
You worshipped Gozag.
Gozag was pleased with you.
You were hungry.

You visited 1 branch of the dungeon, and saw 5 of its levels.

You collected 604 gold pieces.
You paid 18 gold pieces to Gozag.

Inventory:

Hand Weapons
 a - a +0 war axe (weapon)
Armour
 g - a +0 chain mail (worn)
   (You found it on level 2 of the Dungeon)
 p - a +0 shield (worn)
Jewellery
 c - a ring of protection from cold (left hand)
   (You found it on level 2 of the Dungeon)
Wands
 v - a wand of digging (1)
   (You found it on level 3 of the Dungeon)
Scrolls
 h - 3 scrolls of immolation {unknown}
 i - a scroll of enchant weapon {unknown}
 j - 3 scrolls of teleportation {unknown}
 m - 3 scrolls of enchant armour {unknown}
 n - 8 scrolls of identify {unknown}
 o - a scroll of magic mapping {unknown}
 q - a scroll of torment {unknown}
 r - a scroll of amnesia {unknown}
 s - 8 scrolls of remove curse {unknown}
 t - a scroll of random uselessness {unknown}
Potions
 b - 4 potions of heal wounds {unknown}
 d - 2 potions of might
 f - 2 potions of degeneration {unknown}
 k - 2 potions of flight {unknown}
 l - a potion of mutation {unknown}
 u - a potion of agility {unknown}
 w - 2 potions of haste {unknown}
 x - a potion of resistance {unknown}
Comestibles
 e - 7 rations


   Skills:
 + Level 4.9 Fighting
 * Level 5.1 Axes
 + Level 5.0 Armour
 + Level 5.4 Shields


You had 6 spell levels left.
You didn't know any spells.
Your spell library was empty.

Dungeon Overview and Level Annotations

Branches:
Dungeon (5/15)
 Temple: D:4-7

Altars:
Dithmenos
Gozag
Ru

Shops:
D:4 %

Annotations:
D:4 5 runed translucent doors, Flugslaktarn's ghost, amateur MiFi


Innate Abilities, Weirdness & Mutations

You cannot be hasted, slowed, berserked, paralysed or teleported.
You can dig through walls and to a lower floor.
Your four strong arms can wield two-handed weapons with a shield.
You have a pair of large antennae on your head. (SInv)


Message History

Your chain mail prevents you from hitting the ogre.
The ogre is moderately wounded.
The ogre hits you with a +0 giant spiked club!
You are too injured to fight recklessly!
You are too injured to fight recklessly!
You are too injured to fight recklessly!
You are too injured to fight recklessly!
An ogre is nearby!
An ogre is nearby!
Unknown command.
Things that are here:
5 gold pieces; a glowing dagger You barely miss the ogre.
The ogre is moderately wounded.
You block the ogre's attack.
You slash the ogre!
The ogre is severely wounded.
The ogre hits you with a +0 giant spiked club!!
You die...
Your body crumbles into a pile of gold.

#.. #..#
#..##..#
#......#
#......#
#...=..#
+......# #..
#.#
#..##O####♣
##....@....# ≈
#...>......+
.≈
+..........#..
##..##.##.....
#.? #.##.###.
... #.....# $
.... #.....#
.## #...[.#
#.....#


You could see an ogre.

Vanquished Creatures
  A phantom (D:4)
  An ogre (D:4)
  A centaur (D:4)
  2 scorpions
  2 worker ants (D:4)
  Robin (D:4)
  6 adders
  2 adder skeletons (D:4)
  3 worms
  4 dart slugs (D:1)
  2 leopard geckos
  An orc (D:3)
  6 bats
  4 giant cockroaches
  20 goblins
  16 hobgoblins
  6 jackals
  5 kobolds
  A quokka (D:3)
  A ball python (D:1)
  3 frilled lizards
  7 rats
  A plant (D:3)
96 creatures vanquished.

Vanquished Creatures (others)
  2 withered plants (D:4)
2 creatures vanquished.

Grand Total: 98 creatures vanquished

Notes
Turn   | Place    | Note
-------+----------+-------------------------------------------
     0 | D:1      | Flugslaktarn the Formicid Fighter began the quest for the
                  | Orb.
     0 | D:1      | Reached XP level 1. HP: 18/18 MP: 1/1
    69 | D:1      | Reached XP level 2. HP: 23/24 MP: 2/2
   543 | D:1      | Reached XP level 3. HP: 29/29 MP: 3/3
  1239 | D:2      | Found an opulent altar of Gozag.
  1365 | D:2      | Found a sacrificial altar of Ru.
  1402 | D:2      | Reached XP level 4. HP: 26/37 MP: 4/4
  1641 | D:2      | Became a worshipper of Gozag Ym Sagoz the Greedy
  1916 | D:3      | Found a shadowy altar of Dithmenos.
  2237 | D:3      | Reached XP level 5. HP: 30/42 MP: 5/5
  3352 | D:4      | Noticed Flugslaktarn's ghost (amateur MiFi)
  3353 | D:4      | Found a runed translucent door.
  3466 | D:4      | Noticed an ogre
  3473 | D:4      | Noticed a phantom
  3474 | D:4      | Killed an ogre
  3474 | D:4      | Reached XP level 6. HP: 25/49 MP: 6/6
  3503 | D:4      | Killed a phantom
  3935 | D:4      | Noticed a two-headed ogre
  3936 | D:4      | Found a large runed translucent door.
  3937 | D:4      | Found a large runed translucent door.
  3938 | D:4      | Found a large runed translucent door.
  3938 | D:4      | Found a large runed translucent door.
  3976 | D:4      | Reached skill level 5 in Shields
  4115 | D:4      | Noticed Robin
  4125 | D:4      | Reached XP level 7. HP: 41/55 MP: 7/7
  4135 | D:4      | Killed Robin
  4541 | D:4      | Found Qoatoent's Food Emporium.
  4699 | D:4      | Reached skill level 5 in Axes
  4832 | D:5      | Entered Level 5 of the Dungeon
  4843 | D:5      | Reached skill level 5 in Armour
  4988 | D:5      | Slain by an ogre

Levels and vault maps discovered:
D:1:      lightli_arrival_statue_moat, layout_basic, minmay_pentomino_x4
D:2:      layout_basic, nicolae_overflow_crystal_walls, marbit_many_paths
D:3:      layout_loops_ring, nicolae_dithmenos_shadow_blocks, first_ration,
          serial_forest, infiniplex_forest_lined_room_3,
          infiniplex_forest_clump_small, infiniplex_forest_clump_long,
          infiniplex_forest_corner_1, infiniplex_forest_clump_C,
          infiniplex_forest_clump_long, infiniplex_forest_clump_tiny,
          minmay_crystal_water
D:4:      kennysheep_goblin_castle, layout_loops_ring, serial_shops, shop,
          gammafunk_ghost_grave, minmay_hollow_rounded_squares
D:5:      layout_gridville, nicolae_overflow_hidden_temple,
          kennysheep_mini_moat, elyvilon_altar_3,
          nicolae_ossuary_entry_monument, solitary_fountain, abandoned_shop,
          sigmund_edmund_badplayer, uniq_duvessa, uniq_crazy_yiuf_cottage

Skill      XL: |  1  2  3  4  5  6  7 |
---------------+----------------------+-----
Shields        | 4 5 |  5.4
Axes           | 3 4 5 |  5.1
Fighting       | 4 |  4.9
Armour         | 4 5 |  5.0

Action                   |  1- 3 |  4- 6 |  7- 9 || total
-------------------------+-------+-------+-------++-------
Melee: War axe           |   112 |   221 |    68 ||   401
  Use: Potion            |       |     2 |       ||     2
  Eat: Chunk             |     2 |     1 |       ||     3
       Ration            |       |     2 |     1 ||     3
Armor: Scale mail        |    45 |    17 |       ||    62
       Chain mail        |       |   100 |    27 ||   127
Dodge: Dodged            |    31 |    69 |    18 ||   118
Block: Shield            |    65 |   123 |    34 ||   222
